 Seeded DCSS version 0.31-a0-210-gccc998df9b (webtiles) character file.

Game seed: 17845999815334807412 (custom seed)

42 rabbitsville the Trooper (level 3, 0/34 HPs)
             Began as a Hill Orc Fighter on June 30, 2023.
             Slain by Jessica
             ... wielding a +0 club
              (3 damage)
             ... on level 2 of the Dungeon.
             The game lasted 00:01:45 (1233 turns).

rabbitsville the Trooper (Hill Orc Fighter)         Turns: 1233, Time: 00:01:46

Health: 0/34       AC:  8    Str: 20    XL:     3   Next: 54%
Magic:  3/3        EV:  9    Int:  8    God:
Gold:   73         SH:  4    Dex: 10    Spells: 2/2 levels left

rFire   . . .        a - +0 flail
rCold   + . .        c - +0 buckler
rNeg    . . .        b - +0 scale mail
rPois   .            f - +0 helmet
rElec   .            (no cloak)
rCorr   .            (no gloves)
SInv    .            (no boots)
Will    .....        (no amulet) Stlth
                     j - ring of protection from cold
HPRegen 0.25/turn    (no ring)
MPRegen 0.08/turn

%: no passive effects
@: slowed, very slow
A: no striking features
a: no special abilities


You were on level 2 of the Dungeon.
You visited 1 branch of the dungeon, and saw 2 of its levels.

You collected 73 gold pieces.

Inventory:

Hand Weapons
 a - a +0 flail (weapon)
Missiles
 h - a throwing net
Armour
 b - a +0 scale mail (worn)
 c - a +0 buckler (worn)
 f - a +0 helmet (worn)
Jewellery
 j - a ring of protection from cold (left hand)
 k - a ring of fire
Scrolls
 e - a scroll of identify {unknown}
 i - a scroll of amnesia {unknown}
Potions
 d - a potion of might
 g - 2 potions of curing {unknown}
 l - a potion of invisibility {unknown}


   Skills:
 * Level 4.4 Fighting
 * Level 3.1 Maces & Flails
 - Level 3.2 Armour
 + Level 3.6 Shields


You had 2 spell levels left.
You didn't know any spells.
Your spell library was empty.

Dungeon Overview and Level Annotations

Branches:
Dungeon (2/15)

Altars:

Annotations:
D:2 Jessica


Message History

Jessica is moderately wounded.
Jessica hits you but does no damage.
You barely miss Jessica.
Jessica is moderately wounded.
Jessica gestures wildly while chanting.
Jessica seems to speed up.
Jessica barely misses you.
You closely miss Jessica.
Jessica is moderately wounded.
You block Jessica's attack. Jessica hits you but does no damage.
You hit Jessica.
Jessica is almost dead.
Jessica closely misses you.
Jessica casts a spell.
Jessica blinks!
Jessica points at you and mumbles some strange words.
You resist with some effort. Jessica casts a spell at you.
You feel yourself slow down. Jessica hits you with a +0 club.
Jessica hits you but does no damage.
You barely miss Jessica.
Jessica is almost dead.
Jessica hits you but does no damage. Jessica casts a spell at you.
You resist with some effort. Jessica barely misses you.
You hit Jessica but do no damage.
Jessica is almost dead.
Jessica hits you with a +0 club. Jessica hits you but does no damage.
You closely miss Jessica.
Jessica is almost dead.
You block Jessica's attack. Jessica hits you with a +0 club.
Jessica points at you and mumbles some strange words.
Pain shoots through your body!
You barely miss Jessica.
Jessica is almost dead.
Jessica hits you with a +0 club. Jessica gestures at you while chanting.
Pain shoots through your body!
* * * LOW HITPOINT WARNING * * *
Jessica hits you with a +0 club.
You die...

#. #.# #.# ######
###.### #.....
.....#########
#.....
##.#.##......#
#.....
##.......@@.#
#.....
#.....##......#
#.....
##...####.......#
#..... ##.##
#.#.#.#.# #.....
#.# #..###..#
#..... #.# #.##
##.# #..... ##'##
#..###..# ##.##.
##...##
#...#...## #.##.
##.....##
#.......# #.##.


You could see Jessica (fast).

Vanquished Creatures
  2 dart slugs
  3 bats (D:1)
  An endoplasm (D:1)
  4 giant cockroaches (D:1)
  2 goblins (D:1)
  2 hobgoblins (D:1)
  9 jackals (D:1)
  A ball python (D:1)
  3 frilled lizards (D:1)
  3 kobolds (D:1)
  2 rats (D:1)
32 creatures vanquished.

Notes
Turn   | Place    | Note
-------+----------+-------------------------------------------
     0 | D:1      | rabbitsville the Hill Orc Fighter began the quest for the
                  | Orb.
     0 | D:1      | Reached XP level 1. HP: 19/19 MP: 1/1
   144 | D:1      | Reached XP level 2. HP: 27/27 MP: 2/2
   173 | D:1      | Reached skill level 4 in Fighting
   406 | D:1      | Reached XP level 3. HP: 33/33 MP: 3/3
  1218 | D:2      | Noticed Jessica
  1233 | D:2      | Slain by Jessica

Illustrated notes

Levels and vault maps discovered:
D:1:      lemuel_arrival_lava_pool, layout_basic
D:2:      layout_loops_corners, hangedman_glass_teeth, uniq_jessica

Skill      XL: |  1  2  3 |
---------------+----------+-----
Fighting       | 4 |  4.4
Maces & Flails | 3 |  3.1
Armour         | |  3.2
Shields        | |  3.6

Action                     || total
---------------------------++-------
  Melee: Flail             ||   118
 Armour: Scale mail        ||    77
  Dodge: Dodged            ||    74
  Block: Buckler           ||    37

Table legend: (Time is in decaauts)
 A = Elapsed time spent in this place.
 B = Non-inter-level travel time spent in this place.
 C = Inter-level travel time spent in this place.
 D = Time resting spent in this place.
 E = Time spent auto-exploring this place.
 F = Levels seen in this place.
 G = Mean time per level.
                   A        B        C        D        E       F      G
               +--------+--------+--------+--------+--------+-----+--------+
         Total |   1269 |   1224 |     45 |      0 |    837 |   2 |  634.5 |
       Dungeon |   1269 |   1224 |     45 |      0 |    837 |   2 |  634.5 |
               +--------+--------+--------+--------+--------+-----+--------+

Top non-repeatable levels by time:
     D:1: 1006 daAuts
     D:2: 262 daAuts
